 Dungeon Crawl Stone Soup version 0.24-a0-445-gd5110b030a (webtiles) character file.

Game seed: 17029631883429068276

72 emperorscorpion the Chopper (level 4, -2/63 HPs)
             Began as a Deep Dwarf Berserker on June 22, 2019.
             Was a Follower of Trog.
             Slain by a hippogriff (5 damage)
             ... on level 8 of the Dungeon.
             The game lasted 00:02:38 (184 turns).

emperorscorpion the Chopper (Deep Dwarf Berserker)   Turns: 184, Time: 00:02:39

Health: -2/63      AC:  2    Str: 26    XL:     4   Next: 7%
Magic:  4/4        EV: 12    Int:  8    God:    Trog [*.....]
Gold:   28         SH:  0    Dex: 12    Spells: 3/3 levels left

rFire    . . .     SeeInvis .   a - +0 hand axe
rCold    . . .     Gourm    .   (no shield)
rNeg     . . .     Faith    .   b - +0 animal skin
rPois    .         Spirit   .   (no helmet)
rElec    .         Reflect  .   (no cloak)
rCorr    .         Harm     .   (no gloves)
MR       .....                  (no boots)
Stlth    ..........             (no amulet)
HPRegen  0.00/turn              (no ring)
MPRegen  0.09/turn              (no ring)

@: berserking (expiring), non-regenerating, very quick
A: damage resistance, heal wounds, sense surroundings 1, no regeneration
a: Heal Wounds, Berserk, Renounce Religion


You were on level 8 of the Dungeon.
You worshipped Trog.
Trog was aware of your devotion.
You were not hungry.

You visited 1 branch of the dungeon, and saw 8 of its levels.

You collected 28 gold pieces.

Inventory:

Hand Weapons
 a - a +0 hand axe (weapon)
Armour
 b - a +0 animal skin (worn)
Wands
 g - a wand of random effects (5)
Scrolls
 d - a scroll of identify
Potions
 e - a potion of might
Comestibles
 c - a ration
 f - 3 chunks of flesh


   Skills:
 + Level 3.4 Fighting
 + Level 4.4 Axes
 + Level 2.3 Armour
 + Level 2.5 Dodging


You had 3 spell levels left.
You didn't know any spells.
Your spell library was empty.

Dungeon Overview and Level Annotations

Branches:
Dungeon (8/15)
 Temple: D:4-7         Lair: D:8-11

Altars:
Makhleb
Ru


Innate Abilities, Weirdness & Mutations

You are resistant to damage.
You can heal yourself by infusing magical energy.
You passively map a small area around you.
You do not regenerate.


Message History

The hippogriff is lightly wounded.
The hippogriff bites you! The hippogriff pecks you! The hippogriff claws you.
* * * LOW HITPOINT WARNING * * *
You slash the hippogriff!
The hippogriff is moderately wounded.
The hippogriff bites you.
* * * LOW HITPOINT WARNING * * *
The hippogriff pecks you.
* * * LOW HITPOINT WARNING * * *
The hippogriff claws you.
You hit the hippogriff.
The hippogriff is heavily wounded.
You hit the hippogriff but do no damage.
The hippogriff is heavily wounded.
The hippogriff bites you!
* * * LOW HITPOINT WARNING * * *
The hippogriff pecks you.
* * * LOW HITPOINT WARNING * * *
The hippogriff claws you!
You die...

, ....#####..
.#........# ,
#.........# ,
.....)....## , ,
,...........##
,,,
............##
.............##
,
..............#
.......@.....##
,
.......H......#
, ,
.......S......#
...............#
,
....:..........#
...............
...............
...............
, *


You could see a hippogriff and an adder.

Vanquished Creatures
  A gnoll shaman (D:4)
  3 adders
  An adder zombie (D:5)
  An orc (D:3)
  A giant cockroach (D:5)
  3 jackals
  2 kobolds (D:2)
  A quokka (D:4)
  A bat (D:3)
  A rat (D:2)
15 creatures vanquished.

Notes
Turn   | Place    | Note
-------+----------+-------------------------------------------
     0 | D:1      | emperorscorpion the Deep Dwarf Berserker began the quest
                  | for the Orb.
     0 | D:1      | Reached XP level 1. HP: 20/20 MP: 1/1
    61 | D:2      | Reached XP level 2. HP: 28/28 MP: 2/2
   112 | D:4      | Reached skill level 4 in Axes
   112 | D:4      | Reached XP level 3. HP: 34/34 MP: 3/3
   115 | D:5      | Entered Level 5 of the Dungeon
   151 | D:6      | Reached XP level 4. HP: 31/42 MP: 4/4
   163 | D:7      | Found a burning altar of Makhleb.
   163 | D:7      | Found a sacrificial altar of Ru.
   172 | D:8      | Noticed a hippogriff
   184 | D:8      | HP: 3/63 [hippogriff (3)]
   184 | D:8      | Slain by a hippogriff

Levels and vault maps discovered:
D:1:      lightli_arrival_statue_moat, layout_basic, minmay_pentomino_t2
D:2:      layout_rooms, chequers_ecumenical_altar_grove, minivault_26,
          st_stairs_9
D:3:      layout_loops_ring, minmay_overflow_temple_star_quad, chequers_jeans,
          tgw_kikubaaqudgha
D:4:      minmay_general_purpose_star, layout_layer_cave, marbit_many_paths,
          first_ration
D:5:      layout_rooms, led_sif_pool
D:6:      kennysheep_kobold_camp, layout_rooms, kennysheep_mini
D:7:      kennysheep_spiral_hall, layout_cave_pools,
          nicolae_overflow_hidden_temple, minmay_temple_entry_wispy, uniq_joseph
D:8:      layout_layer_cave, lair_entry_dummy, nicolae_ossuary_entry_catacombs

Skill      XL: |  1  2 |
---------------+-------+-----
Fighting       | 3 |  3.4
Axes           | 4 |  4.4
Armour         | |  2.3
Dodging        | |  2.5

Action                   |  1- 3 |  4- 6 || total
-------------------------+-------+-------++-------
Melee: Hand axe          |    19 |     7 ||    26
Invok: Berserk           |     2 |     1 ||     3
 Abil: Heal Wounds       |     1 |       ||     1
  Use: Scroll            |     5 |       ||     5
       Potion            |     1 |       ||     1
Armor: Animal skin       |     3 |       ||     3
Dodge: Dodged            |    25 |     4 ||    29

Table legend:
 A = Non-vault XP
 B = Vault XP
 C = Vault XP percentage of total XP
 D = Non-vault monster count
 E = Vault monster count
 F = Vault count percentage of total count
                 A         B        C        D         E       F
            +---------+---------+-------+---------+---------+-------
      Total |      87 |      17 |  16.3 |      12 |       3 |  20.0
            +---------+---------+-------+---------+---------+-------
        D:2 |      15 |      17 |  53.1 |       3 |       3 |  50.0
        D:3 |       4 |       0 |   0.0 |       2 |       0 |   0.0
        D:4 |      47 |       0 |   0.0 |       4 |       0 |   0.0
        D:5 |       7 |       0 |   0.0 |       2 |       0 |   0.0
        D:6 |      14 |       0 |   0.0 |       1 |       0 |   0.0
            +---------+---------+-------+---------+---------+-------
